 Dungeon Crawl Stone Soup version 0.21-a0-132-g076efaf (webtiles) character file.

320 tilp the Firebug (level 6, -12/45 HPs)
             Began as a Hill Orc Fire Elementalist on July 17, 2017.
             Was an Initiate of Okawaru.
             Killed from afar by Ijyb (26 damage)
             ... with a wand of lightning (?/15)
             ... on level 4 of the Dungeon.
             The game lasted 00:18:20 (4929 turns).

tilp the Firebug (Hill Orc Fire Elementalist)       Turns: 4929, Time: 00:18:21

Health: -12/45     AC: 13    Str: 11    XL:     6   Next: 46%
Magic:  0/9        EV: 10    Int: 17    God:    Okawaru [......]
Gold:   227        SH:  5    Dex: 11    Spells: 4/10 levels left

rFire    . . .     SeeInvis .   A - +1 dagger (speed)
rCold    . . .     Gourm    .   g - +2 buckler
rNeg     . . .     Faith    .   n - +3 leather armour
rPois    .         Spirit   .   H - +1 helmet
rElec    .         Reflect  .   z - +0 cloak (curse)
rCorr    .         Harm     .   w - +2 pair of gloves
MR       .....                  G - +0 pair of boots
Stlth    +.........             (no amulet)
HPRegen  0.15/turn              (no ring)
MPRegen  0.11/turn              (no ring)

@: lethally poisoned (-12 -> -33), very slightly contaminated, drained
A: no striking features
a: Renounce Religion


You were on level 4 of the Dungeon.
You worshipped Okawaru.
Okawaru was noncommittal.
You were not hungry.

You visited 1 branch of the dungeon, and saw 4 of its levels.

You collected 227 gold pieces.

Inventory:

Hand Weapons
 s - a +0 flail of protection
 y - a +0 hand axe of distortion
 A - a +1 dagger of speed (weapon)
Missiles
 a - 148 stones (quivered)
 r - a throwing net
Armour
 g - a +2 buckler (worn)
 n - a +3 leather armour (worn)
 p - a +0 chain mail of magic resistance
 w - a +2 pair of gloves (worn)
 z - a cursed +0 cloak (worn)
 B - a +0 ring mail of fire resistance
 G - a +0 pair of boots (worn)
 H - a +1 helmet (worn)
Jewellery
 d - a cursed ring of teleportation {unknown}
 f - an uncursed ring of see invisible {unknown}
 l - a cursed amulet of inaccuracy {unknown}
 m - a +4 ring of evasion {unknown}
 x - an uncursed ring of protection from cold {unknown}
Scrolls
 e - 3 scrolls of magic mapping
 h - a scroll of immolation
 o - a scroll of identify
 C - a scroll of blinking
 D - a scroll of enchant weapon {unknown}
Potions
 i - 2 potions of berserk rage {unknown}
 k - 6 potions of curing {unknown}
 q - a potion of magic {unknown}
 t - a potion of mutation {unknown}
 u - 2 potions of lignification {unknown}
 v - a potion of brilliance {unknown}
 E - a potion of degeneration {unknown}
Books
 b - a book of Flames

   Spells                             Type                      Level
   a - Flame Tongue                   Conjuration/Fire             1
   b - Throw Flame                    Conjuration/Fire             2
   c - Conjure Flame                  Conjuration/Fire             3
   d - Inner Flame                    Hexes/Fire                   3
   e - Sticky Flame                   Conjuration/Fire             4
   f - Fireball                       Conjuration/Fire             5
Comestibles
 c - 3 bread rations
 j - 4 fruits


   Skills:
 - Level 1.5(1.2) Dodging
 - Level 1.5(1.2) Stealth
 - Level 2.5(2.2) Spellcasting
 - Level 4.5(4.2) Conjurations
 + Level 5.1(4.8) Fire Magic


You had 4 spell levels left.
You knew the following spells:

 Your Spells              Type           Power        Failure   Level  Hunger
a - Flame Tongue          Conj/Fire      ###..        7%          1    #......
b - Throw Flame           Conj/Fire      ###...       10%         2    ###....
c - Conjure Flame         Conj/Fire      ###.....     21%         3    ###....


Dungeon Overview and Level Annotations

Branches:
Dungeon (4/15)
 Temple: D:4-7

Altars:
Dithmenos
Elyvilon
Okawaru
Qazlal
Sif Muna

Annotations:
D:4 Ijyb; Leszczynek's ghost, amateur GnFi


Message History

Ijyb hits you but does no damage.
You are poisoned.
Casting: Flame Tongue
Confirm with . or Enter, or press ? or * to list all spells.
Aiming: Flame Tongue
Press: ? - help, Shift-Dir - straight line, f/p - Ijyb
Aim: Ijyb, wielding a dagger of venom, wearing a chain mail and carrying a wand of lightning (?/15) {zapped: 2} (heavily wounded)
The flame tongue hits Ijyb.
Ijyb is heavily wounded.
You feel sick. Ijyb hits you with a dagger of venom.
You are lethally poisoned!
Casting: Flame Tongue
Confirm with . or Enter, or press ? or * to list all spells.
You don't have enough magic to cast that spell.
Unknown command.
You hit Ijyb but do no damage.
Ijyb is heavily wounded.
You feel sick.
Ijyb zaps a wand.
The bolt of lightning hits you!
Ouch! That really hurt!
You die...

### #.#### #.....
####.. #.. #### ##.
#..## #.
##########...### ##
......g@..#....#
.....######.#..#####
### #........## #
####......# ##
##.#.#.###.
#.#.......
###.#>......
....##......
............


You could see Ijyb.

Vanquished Creatures
  A hound (D:4)
  Crazy Yiuf (D:2)
  2 worker ants (D:4)
  3 gnolls (D:3)
  8 adders
  3 oozes (D:1)
  4 worms
  2 dart slugs
  4 leopard geckos
  9 orcs
  2 ball pythons
  3 giant cockroaches
  6 goblins
  8 hobgoblins
  4 jackals (D:3)
  A quokka (D:2)
  6 bats
  6 frilled lizards
  3 kobolds
  A leopard gecko skeleton (D:4)
  9 rats
86 creatures vanquished.

Notes
Turn   | Place    | Note
-------+----------+-------------------------------------------
     0 | D:1      | tilp the Hill Orc Fire Elementalist began the quest for the Orb.
     0 | D:1      | Reached XP level 1. HP: 14/14 MP: 3/3
   435 | D:1      | Reached XP level 2. HP: 20/20 MP: 0/5
   530 | D:1      | Learned a level 2 spell: Throw Flame
   836 | D:1      | Reached XP level 3. HP: 23/26 MP: 4/6
   841 | D:1      | Learned a level 3 spell: Conjure Flame
  1588 | D:2      | Reached XP level 4. HP: 33/33 MP: 4/7
  1861 | D:2      | Found an iron altar of Okawaru.
  1861 | D:2      | Found a stormy altar of Qazlal.
  1985 | D:2      | Found a runed door.
  2171 | D:2      | Became a worshipper of Warmaster Okawaru
  2406 | D:3      | Found a deep blue altar of Sif Muna.
  2582 | D:3      | Found a shadowy altar of Dithmenos.
  2608 | D:3      | Reached XP level 5. HP: 33/38 MP: 0/8
  4146 | D:4      | Reached skill level 4 in Fire Magic
  4146 | D:4      | Reached XP level 6. HP: 45/45 MP: 4/9
  4233 | D:4      | Noticed Leszczynek's ghost (amateur GnFi)
  4326 | D:2      | Noticed Crazy Yiuf
  4335 | D:2      | Killed Crazy Yiuf
  4643 | D:4      | Reached skill level 5 in Fire Magic
  4717 | D:4      | Found a white marble altar of Elyvilon.
  4920 | D:4      | Noticed Ijyb
  4929 | D:4      | Killed from afar by Ijyb

Vault maps used:
D:1:      nicolae_arrival_memento_mori, serial_park_tiny_1, serial_bayou_pond_c,
          corner_web_ring
D:2:      chequers_temple_overflow_statue_of_worship, minmay_bisected,
          uniq_crazy_yiuf_cottage
D:3:      overflow_temple_1_default, grunt_dithmenos_smoke_and_mirrors
D:4:      lemuel_doored_altar, nicolae_overflow_crystal_walls, uniq_ijyb

Skill      XL: |  1  2  3  4  5  6 |
---------------+-------------------+-----
Spellcasting   | 2 |  2.5
Conjurations   | 2 3 4 |  4.5
Fire Magic     | 4 5 |  5.1
Dodging        | |  1.5
Stealth        | |  1.5

Action                   |  1- 3 |  4- 6 || total
-------------------------+-------+-------++-------
Melee: Dagger            |    31 |    97 ||   128
 Cast: Flame Tongue      |    39 |   144 ||   183
       Throw Flame       |     2 |     5 ||     7
  Use: Scroll            |       |     4 ||     4
 Stab: Sleeping          |       |     1 ||     1
  Eat: Chunk             |     1 |     3 ||     4
       Meat ration       |     1 |     1 ||     2
       Royal jelly       |       |     1 ||     1
Armor: Robe              |     2 |       ||     2
       Leather armour    |     2 |    69 ||    71
Dodge: Dodged            |    25 |    88 ||   113
Block: Buckler           |       |     7 ||     7
